[ AOE2 MATCH · #469920018 ]
1v1 RMBurgundians vs Ethiopians
Rival team · LOSS
[ REPLAY ANALYSIS · EXTRACTED FROM THE RECORDED GAME ]
Feudal
12:27
Castle
16:54
Imperial
31:35
| APM avg | 14.8 |
| APM peak | 33 |
| eAPM avg | 11.9 |
| Villagers / military | 128 / 99 |
Focus
⚔️ 25.0% · 🌾 75.0%
Hand Cannoneer ×78 · Bombard Cannon ×11 · Coustillier ×5 · Trebuchet (Packed) ×4 · Monk ×1
Feudal
12:29
Castle
18:19
Imperial
27:38
| APM avg | 24.8 |
| APM peak | 71 |
| eAPM avg | 17.1 |
| Villagers / military | 125 / 8 |
Focus
⚔️ 12.9% · 🌾 87.1%
Mangonel ×7 · Trebuchet (Packed) ×1
Match map
Initial resources + every placement click. Lines = walls · curves = elevation contours. ◆ gold · ⬟ stone · ● berries · ✦ relic · ◌ wall gap
Your base· ✓ Closed at 16:54 · 0t walls · 1 gate(s)
YoshiX's base· ✓ Closed at 18:19 · 5t walls · no gate
Smoothed initial terrain · ◌ = detected wall gap · hover for details
Inputs per minute
— CryAndDie - - YoshiX
Build order — CryAndDie
First 150 of 262 actions detected
| 0:03 | Build | House |
| 0:05 | Build | House |
| 0:08 | Create | Villager (Male) |
| 0:08 | Create | Villager (Male) |
| 0:08 | Create | Villager (Male) |
| 0:09 | Create | Villager (Male) |
| 1:33 | Create | Villager (Male) |
| 1:58 | Build | Lumber Camp |
| 2:06 | Create | Villager (Male) |
| 2:25 | Create | Villager (Male) |
| 3:01 | Create | Villager (Male) |
| 3:23 | Build | House |
| 3:27 | Create | Villager (Male) |
| 3:48 | Create | Villager (Male) |
| 3:56 | Build | Palisade Gate |
| 4:00 | Build | House |
| 4:02 | Create | Villager (Male) |
| 4:02 | Create | Villager (Male) |
| 4:53 | Build | Mill |
| 4:58 | Create | Villager (Male) |
| 4:59 | Create | Villager (Male) |
| 5:12 | Create | Villager (Male) |
| 5:48 | Create | Villager (Male) |
| 5:50 | Research | Double-Bit Axe |
| 6:06 | Create | Villager (Male) |
| 6:32 | Build | Farm |
| 6:47 | Build | Farm |
| 6:54 | Create | Villager (Male) |
| 6:54 | Create | Villager (Male) |
| 6:55 | Create | Villager (Male) |
| 6:55 | Create | Villager (Male) |
| 7:39 | Create | Villager (Male) |
| 8:05 | Create | Villager (Male) |
| 8:30 | Create | Villager (Male) |
| 8:31 | Create | Villager (Male) |
| 8:56 | Create | Villager (Male) |
| 9:31 | Create | Villager (Male) |
| 9:42 | Build | Mill |
| 9:53 | Build | House |
| 10:01 | Build | Mining Camp |
| 10:14 | Create | Villager (Male) |
| 10:15 | Research | Feudal Age |
| 11:23 | Create | Villager (Male) |
| 11:23 | Create | Villager (Male) |
| 11:23 | Create | Villager (Male) |
| 12:27 | Age | Feudal Age |
| 12:34 | Build | Barracks |
| 13:17 | Build | Archery Range |
| 13:20 | Build | Blacksmith |
| 13:33 | Build | Farm |
| 13:34 | Build | Farm |
| 13:36 | Build | Farm |
| 13:38 | Build | Farm |
| 13:44 | Create | Villager (Male) |
| 14:14 | Research | Castle Age |
| 14:49 | Build | House |
| 14:50 | Build | House |
| 14:59 | Build | Farm |
| 15:02 | Build | Farm |
| 15:09 | Build | Farm |
| 15:15 | Research | Bow Saw |
| 15:16 | Research | Horse Collar |
| 15:37 | Research | Heavy Plow |
| 16:54 | Age | Castle Age |
| 16:55 | Build | Farm |
| 17:00 | Build | Town Center |
| 17:02 | Research | Wheelbarrow |
| 17:02 | Research | Town Watch |
| 17:03 | Research | Loom |
| 17:09 | Build | Town Center |
| 17:30 | Build | Farm |
| 17:33 | Build | Farm |
| 17:39 | Research | Stone Mining |
| 17:52 | Build | Farm |
| 18:10 | Build | House |
| 18:17 | Build | House |
| 18:19 | Build | House |
| 18:21 | Create | Villager (Male) ×5 |
| 18:35 | Create | Villager (Male) |
| 18:35 | Create | Villager (Male) |
| 18:47 | Create | Villager (Male) |
| 18:49 | Create | Villager (Male) |
| 18:59 | Build | Farm |
| 19:09 | Build | Stone Wall |
| 19:18 | Build | Stone Wall |
| 19:22 | Build | Stone Wall |
| 19:29 | Build | Gate |
| 19:36 | Build | Stone Wall |
| 19:37 | Build | Stone Wall |
| 19:39 | Create | Villager (Male) ×4 |
| 19:39 | Create | Villager (Male) ×4 |
| 19:59 | Build | Farm |
| 20:01 | Build | Farm |
| 20:02 | Build | Farm |
| 20:05 | Create | Villager (Male) ×3 |
| 20:22 | Create | Villager (Male) |
| 20:32 | Create | Villager (Male) |
| 20:53 | Create | Villager (Male) ×2 |
| 21:06 | Build | Town Center |
| 21:11 | Create | Villager (Male) ×3 |
| 21:22 | Build | Farm |
| 21:23 | Build | Farm |
| 21:25 | Build | Farm |
| 21:30 | Create | Villager (Male) |
| 21:37 | Create | Villager (Male) ×2 |
| 22:00 | Build | Lumber Camp |
| 22:03 | Create | Villager (Male) ×2 |
| 22:07 | Create | Villager (Male) |
| 22:07 | Create | Villager (Male) |
| 22:25 | Build | University |
| 22:26 | Build | House |
| 22:28 | Build | House |
| 22:28 | Build | House |
| 22:28 | Build | House |
| 22:29 | Build | House |
| 22:29 | Build | House |
| 22:30 | Build | House |
| 22:30 | Build | House |
| 22:30 | Build | House |
| 22:33 | Create | Villager (Male) ×4 |
| 22:33 | Create | Villager (Male) ×4 |
| 22:43 | Create | Villager (Male) |
| 22:54 | Build | Town Center |
| 23:01 | Build | Monastery |
| 23:04 | Create | Villager (Male) ×4 |
| 23:04 | Create | Villager (Male) ×4 |
| 23:12 | Build | Farm |
| 23:13 | Build | Farm |
| 23:23 | Research | Gold Mining |
| 23:25 | Create | Villager (Male) ×2 |
| 23:35 | Build | House |
| 23:41 | Build | House |
| 23:51 | Create | Villager (Male) ×3 |
| 24:01 | Research | Hand Cart |
| 24:03 | Create | Monk |
| 24:05 | Create | Villager (Male) ×2 |
| 24:17 | Research | Fortified Wall (upgrade) |
| 24:28 | Create | Villager (Male) |
| 24:36 | Build | Farm |
| 24:38 | Build | Farm |
| 24:39 | Build | Farm |
| 24:41 | Create | Villager (Male) |
| 24:42 | Create | Villager (Male) ×3 |
| 24:52 | Build | Farm |
| 24:54 | Build | Farm |
| 24:59 | Build | Farm |
| 25:00 | Create | Villager (Male) |
| 25:10 | Build | Farm |
| 25:12 | Create | Villager (Male) |
| 25:14 | Build | Farm |
Build order — YoshiX
First 150 of 262 actions detected
| 0:00 | Create | Villager (Male) |
| 0:00 | Create | Villager (Male) |
| 0:00 | Create | Villager (Male) |
| 0:00 | Create | Villager (Male) |
| 0:00 | Create | Villager (Male) |
| 0:00 | Create | Villager (Male) |
| 0:00 | Create | Villager (Male) |
| 0:00 | Create | Villager (Male) |
| 0:00 | Create | Villager (Male) |
| 0:00 | Create | Villager (Male) |
| 0:02 | Build | House |
| 0:03 | Build | House |
| 1:26 | Create | Villager (Male) |
| 1:26 | Create | Villager (Male) |
| 1:26 | Create | Villager (Male) |
| 1:26 | Create | Villager (Male) |
| 1:26 | Create | Villager (Male) |
| 1:26 | Create | Villager (Male) |
| 1:57 | Create | Villager (Male) |
| 2:12 | Create | Villager (Male) |
| 2:21 | Build | Palisade Gate |
| 2:24 | Build | Palisade Wall |
| 2:49 | Create | Villager (Male) |
| 3:05 | Build | House |
| 3:11 | Create | Villager (Male) |
| 3:38 | Create | Villager (Male) |
| 4:01 | Create | Villager (Male) |
| 4:25 | Build | Lumber Camp |
| 4:41 | Create | Villager (Male) |
| 4:41 | Create | Villager (Male) |
| 4:41 | Create | Villager (Male) |
| 4:41 | Create | Villager (Male) |
| 4:41 | Create | Villager (Male) |
| 4:41 | Create | Villager (Male) |
| 4:41 | Create | Villager (Male) |
| 4:41 | Create | Villager (Male) |
| 4:41 | Create | Villager (Male) |
| 5:42 | Build | House |
| 5:46 | Build | Mill |
| 5:51 | Build | House |
| 6:08 | Create | Villager (Male) |
| 6:08 | Create | Villager (Male) |
| 6:08 | Create | Villager (Male) |
| 6:08 | Create | Villager (Male) |
| 6:08 | Create | Villager (Male) |
| 6:08 | Create | Villager (Male) |
| 6:08 | Create | Villager (Male) |
| 6:46 | Create | Villager (Male) |
| 7:11 | Build | Mill |
| 7:16 | Create | Villager (Male) |
| 8:00 | Build | House |
| 8:30 | Create | Villager (Male) |
| 8:47 | Build | Farm |
| 9:24 | Create | Villager (Male) |
| 9:41 | Build | Lumber Camp |
| 9:54 | Research | Loom |
| 9:55 | Research | Feudal Age |
| 10:28 | Build | Mining Camp |
| 11:02 | Create | Villager (Male) |
| 11:15 | Build | Outpost |
| 11:21 | Build | Outpost |
| 11:30 | Build | Outpost |
| 11:41 | Build | Outpost |
| 12:09 | Build | Barracks |
| 12:29 | Age | Feudal Age |
| 12:31 | Create | Villager (Male) |
| 12:31 | Create | Villager (Male) |
| 12:33 | Research | Double-Bit Axe |
| 12:37 | Research | Wheelbarrow |
| 12:38 | Research | Town Watch |
| 13:24 | Build | Blacksmith |
| 13:50 | Build | Lumber Camp |
| 14:20 | Build | House |
| 14:22 | Build | House |
| 14:23 | Build | House |
| 14:24 | Build | House |
| 14:45 | Build | Archery Range |
| 15:07 | Build | Farm |
| 15:10 | Build | Farm |
| 15:16 | Build | Farm |
| 15:39 | Research | Castle Age |
| 16:14 | Build | Mining Camp |
| 16:31 | Build | Farm |
| 16:45 | Create | Villager (Male) |
| 16:46 | Create | Villager (Male) |
| 18:19 | Age | Castle Age |
| 18:26 | Build | Town Center |
| 18:51 | Create | Villager (Male) |
| 18:55 | Build | Farm |
| 19:19 | Create | Villager (Male) |
| 19:30 | Create | Villager (Male) |
| 19:42 | Create | Villager (Male) |
| 20:00 | Build | Farm |
| 20:03 | Build | Farm |
| 20:06 | Build | Farm |
| 20:35 | Create | Villager (Male) |
| 20:37 | Create | Villager (Male) |
| 20:37 | Create | Villager (Male) |
| 20:37 | Create | Villager (Male) |
| 20:37 | Create | Villager (Male) |
| 20:37 | Create | Villager (Male) |
| 20:37 | Create | Villager (Male) |
| 20:37 | Create | Villager (Male) |
| 20:37 | Create | Villager (Male) |
| 20:47 | Build | Farm |
| 20:59 | Build | Farm |
| 21:03 | Build | Farm |
| 21:04 | Build | House |
| 21:05 | Build | House |
| 21:06 | Build | House |
| 21:29 | Build | University |
| 21:33 | Build | Monastery |
| 21:42 | Create | Villager (Male) |
| 21:42 | Create | Villager (Male) |
| 21:43 | Create | Villager (Male) |
| 21:50 | Build | Farm |
| 21:53 | Build | Farm |
| 21:55 | Build | House |
| 21:56 | Build | House |
| 22:25 | Build | Farm |
| 22:48 | Create | Villager (Male) |
| 22:50 | Create | Villager (Male) |
| 22:52 | Create | Villager (Male) |
| 22:53 | Create | Villager (Male) |
| 22:58 | Build | Farm |
| 23:01 | Build | Farm |
| 23:03 | Build | Farm |
| 23:21 | Build | Farm |
| 24:11 | Build | Farm |
| 24:13 | Build | Farm |
| 24:28 | Research | Imperial Age |
| 24:43 | Build | Mining Camp |
| 24:53 | Create | Villager (Male) |
| 24:53 | Create | Villager (Male) |
| 24:53 | Create | Villager (Male) |
| 24:53 | Create | Villager (Male) |
| 24:53 | Create | Villager (Male) |
| 24:53 | Create | Villager (Male) |
| 24:53 | Create | Villager (Male) |
| 24:53 | Create | Villager (Male) |
| 24:53 | Create | Villager (Male) |
| 25:30 | Build | Town Center |
| 25:57 | Build | House |
| 25:58 | Build | House |
| 26:00 | Build | House |
| 26:01 | Build | House |
| 26:14 | Create | Villager (Male) |
| 26:14 | Create | Villager (Male) |
| 26:14 | Create | Villager (Male) |
| 26:28 | Build | Siege Workshop |
Match timeline
| 2:24 | YoshiX · wall_segment Palisade Wall x5 |
| 12:09 | YoshiX · first_building Barracks |
| 12:27 | CryAndDie · age_up feudal |
| 12:29 | YoshiX · age_up feudal |
| 12:34 | CryAndDie · first_building Barracks |
| 13:17 | CryAndDie · first_building Archery Range |
| 14:45 | YoshiX · first_building Archery Range |
| 16:54 | CryAndDie · age_up castle |
| 18:19 | YoshiX · age_up castle |
| 19:09 | CryAndDie · wall_segment Stone Wall x8 |
| 19:18 | CryAndDie · wall_segment Stone Wall x4 |
| 19:22 | CryAndDie · wall_segment Stone Wall x2 |
| 19:36 | CryAndDie · wall_segment Stone Wall x2 |
| 19:37 | CryAndDie · wall_segment Stone Wall x1 |
| 21:33 | YoshiX · first_building Monastery |
| 23:01 | CryAndDie · first_building Monastery |
| 26:28 | YoshiX · first_building Siege Workshop |
| 26:56 | CryAndDie · first_building Castle |
| 27:38 | YoshiX · age_up imperial |
| 28:12 | YoshiX · first_building Castle |
| 28:25 | YoshiX · wall_segment Stone Wall x12 |
| 28:31 | CryAndDie · first_building Siege Workshop |
| 28:32 | YoshiX · wall_segment Stone Wall x11 |
| 28:35 | YoshiX · wall_segment Stone Wall x5 |
| 28:39 | YoshiX · wall_segment Stone Wall x7 |
| 28:40 | YoshiX · wall_segment Stone Wall x5 |
| 29:24 | YoshiX · wall_segment Stone Wall x6 |
| 29:25 | YoshiX · wall_segment Stone Wall x2 |
| 29:26 | YoshiX · wall_segment Stone Wall x5 |
| 31:35 | CryAndDie · age_up imperial |
| 33:30 | YoshiX · wall_segment Stone Wall x11 |
| 36:12 | YoshiX · wall_segment Stone Wall x9 |
| 36:13 | YoshiX · wall_segment Stone Wall x3 |
| 38:17 | YoshiX · resign |
[ AI ANALYSIS · 1 CREDIT ]
What really happened in this match?
Wolo.gg analyzes every decision: build order, eco, micro, common mistakes by bracket. Personalized analysis on WhatsApp or Discord in 30 seconds.
Civ guide
Burgundians
Map guide
Black Forest
Perfil
CryAndDie